 Dungeon Crawl Stone Soup version 0.31-a0-185-g9dded2c639 (webtiles) character file.

Game seed: 1101617061981875994

98 qw the Shooter (level 4, -4/25 HPs)
             Began as a Deep Elf Hunter on June 22, 2023.
             Slain by Grinder (5 damage)
             ... on level 3 of the Dungeon.
             The game lasted 00:00:39 (1738 turns).

qw the Shooter (Deep Elf Hunter)                    Turns: 1738, Time: 00:00:39

Health: -4/25      AC:  2    Str: 13    XL:     4   Next: 44%
Magic:  6/6        EV: 11    Int: 14    God:
Gold:   130        SH:  0    Dex: 23    Spells: 3/3 levels left

rFire   . . .        Y - +0 shortbow
rCold   . . .        (shield currently unavailable)
rNeg    . . .        f - +0 ring mail
rPois   .            (no helmet)
rElec   .            (no cloak)
rCorr   .            i - +0 pair of gloves
SInv    .            (no boots)
Will    +....        (no amulet)
Stlth   ++           d - ring "Fumie" {*Corrode Fly Will+ Str+3 Dex+5}
HPRegen 0.24/turn    (no ring)
MPRegen 0.10/turn

%: corrode self (3%)
@: about to teleport, corroded, flying
A: no striking features
a: no special abilities


You were on level 3 of the Dungeon.
You visited 1 branch of the dungeon, and saw 3 of its levels.

You collected 130 gold pieces.


   Skills:
 - Level 1.5 Fighting
 + Level 7.9 Ranged Weapons
 - Level 2.4 Dodging
 - Level 1.2 Stealth


You had 3 spell levels left.
You didn't know any spells.
Your spell library was empty.

Inventory:

Hand Weapons
 Y - a +0 shortbow (weapon)
Armour
 f - a +0 ring mail (worn)
 i - a +0 pair of gloves (worn)
Jewellery
 d - the ring "Fumie" (left hand) {*Corrode Fly Will+ Str+3 Dex+5}
   (You found it on level 2 of the Dungeon)

   [ring of willpower]

   Str:       It affects your strength (+3).
   Dex:       It affects your dexterity (+5).
   Fly:       It grants you flight.
   *Corrode:  It may corrode you when you take damage.
   Will:      It increases your willpower.
Potions
 a - a potion of haste {unknown}
 b - a potion of degeneration {unknown}
 e - a potion of curing {unknown}
 g - a potion of heal wounds {unknown}
 h - a potion of magic {unknown}

Dungeon Overview and Level Annotations

Branches:
Dungeon (3/15)

Altars:

Annotations:
D:3 Grinder


Message History

You shoot an arrow.
The arrow hits the jackal but does no damage.
The jackal barely misses you. The jackal bites you.
Your corrosive artefact corrodes you!
The jackal closely misses you.
You shoot an arrow. The arrow hits the jackal.
The jackal is almost dead.
The jackal bites you but does no damage.
The jackal bites you. x2; The jackal barely misses you.
The jackal bites you but does no damage.
Grinder blinks!
The jackal misses you.
You shoot an arrow.
The arrow hits the jackal but does no damage.
The jackal is almost dead.
The jackal bites you but does no damage.
The jackal barely misses you. x2; The jackal bites you. x2
You shoot an arrow. The arrow hits the jackal.
You kill the jackal!
The jackal bites you but does no damage.
The jackal closely misses you.
You shoot an arrow. The arrow hits the jackal.
The jackal is severely wounded.
The jackal barely misses you. The jackal bites you.
The jackal closely misses you.
You shoot an arrow. The arrow hits the jackal!
You kill the jackal!
You shoot an arrow.
The arrow hits Grinder but does no damage.
Grinder zaps a wand.
You resist with almost no effort.
The jackal bites you but does no damage.
Grinder hits you.
You writhe in agony.
You shoot an arrow. The arrow barely misses Grinder.
The jackal bites you but does no damage.
Grinder hits you.
You writhe in agony.
The jackal closely misses you.
1738 ||| READING scroll of teleportation.
As you read the scroll of teleportation, it crumbles to dust.
You feel strangely unstable. The jackal closely misses you.
A frilled lizard comes into view.
Grinder hits you.
You die...

....# .)..###
...... .<.... #
.h#.. ....# .. 5...
.....# .h ... ....
#. ..###.##
#..#.#.@..##
#..)#5h...#
#.l...)#....#
#......# ##.#
#.#.##.# #
#...##.### # #
##).##...####.#
...###....##...)...
.>.................


You could see Grinder, a jackal and a frilled lizard.

Vanquished Creatures
  Terence (D:2)
  3 adders
  A dart slug (D:3)
  2 orcs (D:3)
  4 endoplasms
  A giant cockroach (D:2)
  6 goblins
  5 hobgoblins
  3 jackals (D:3)
  A quokka (D:2)
  A ball python (D:3)
  5 bats
  A frilled lizard (D:2)
  7 kobolds
  4 rats
45 creatures vanquished.

Notes
Turn   | Place    | Note
-------+----------+-------------------------------------------
     0 | D:1      | qw the Deep Elf Hunter began the quest for the Orb.
     0 | D:1      | Reached XP level 1. HP: 12/12 MP: 3/3
     0 | D:1      | 0 ||| qw: Version: 0.3-a-9-g12657ce
     0 | D:1      | 0 ||| qw: Game counter: 1921
     0 | D:1      | 0 ||| qw: Always use a shield: true
     0 | D:1      | 0 ||| qw: God list: Okawaru
     0 | D:1      | 0 ||| qw: Allow faded altars: false
     0 | D:1      | 0 ||| qw: Do Orc after D:15 true
     0 | D:1      | 0 ||| qw: Do second Lair branch before Depths: true
     0 | D:1      | 0 ||| qw: Lair rune preference: random
     0 | D:1      | 0 ||| qw: Plans: Normal
     0 | D:1      | 0 ||| PLANNING D:1-11
   321 | D:1      | Reached skill level 6 in Ranged Weapons
   321 | D:1      | Reached XP level 2. HP: 16/16 MP: 4/4
   751 | D:1      | 751 ||| UPGRADING to +0 ring mail.
   761 | D:1      | 761 ||| DROPPING +0 leather armour.
   762 | D:1      | 762 ||| READING scroll labelled DAJOGEV NE AHI.
   763 | D:1      | 763 ||| READING scroll labelled WER BELYAMITZI.
   793 | D:1      | 793 ||| READING scroll labelled DOUVOI UPLOAZ.
   794 | D:1      | 794 ||| READING scroll labelled KUJEOP AJULOD.
   895 | D:1      | 895 ||| DROPPING scroll of butterflies.
  1173 | D:2      | Identified the ring "Fumie" {*Corrode Fly Will+ Str+3
                  | Dex+5}
  1214 | D:2      | Noticed Terence
  1223 | D:2      | HP: 4/16 [Terence/+0 short sword (7)]
  1224 | D:2      | Killed Terence
  1225 | D:2      | Reached skill level 7 in Ranged Weapons
  1225 | D:2      | Reached XP level 3. HP: 6/20 MP: 5/5
  1437 | D:2      | Reached XP level 4. HP: 25/25 MP: 6/6
  1569 | D:2      | 1569 ||| UPGRADING to +0 pair of gloves.
  1574 | D:2      | 1574 ||| UPGRADING to ring "Fumie" {*Corrode Fly Will+
                  | Str+3 Dex+5}.
  1575 | D:2      | 1575 ||| READING scroll labelled BOM DOCZEOBRO.
  1576 | D:2      | 1576 ||| READING scroll labelled VAUGUINTYC.
  1577 | D:2      | 1577 ||| READING 2 scrolls labelled TETHON ETUTOIR.
  1599 | D:3      | 1599 ||| STAIRDANCE
  1719 | D:3      | Noticed Grinder
  1723 | D:3      | 1723 ||| Stepping ~*~*~tactically~*~*~ (outnumbered).
  1737 | D:3      | HP: 6/25 [Grinder (5)]
  1737 | D:3      | HP: 1/25 [Grinder (5)]
  1738 | D:3      | 1738 ||| READING scroll of teleportation.
  1738 | D:3      | Slain by Grinder

Levels and vault maps discovered:
D:1:      dpeg_chamrin_arrival_tetris, layout_basic, minmay_misc_feat_nine_boxes
D:2:      layout_loops_ring, uniq_terence
D:3:      layout_rooms, uniq_grinder

Skill      XL: |  1  2 |
---------------+-------+-----
Ranged Weapons | 6 7 |  7.9
Fighting       | |  1.5
Dodging        | |  2.4
Stealth        | |  1.2

Action                     |  1- 3 |  4- 6 || total
---------------------------+-------+-------++-------
   Fire: Shortbow          |    89 |    41 ||   130
    Use: Scroll            |     4 |     4 ||     8
 Armour: Leather armour    |     5 |       ||     5
         Ring mail         |     7 |    30 ||    37
  Dodge: Dodged            |    20 |    32 ||    52

Table legend:
 A = Non-vault XP
 B = Vault XP
 C = Vault XP percentage of total XP
 D = Non-vault monster count
 E = Vault monster count
 F = Vault count percentage of total count
                 A         B        C        D         E       F
            +---------+---------+-------+---------+---------+-------
      Total |     111 |      30 |  21.3 |      44 |       1 |   2.2
            +---------+---------+-------+---------+---------+-------
        D:1 |      22 |       0 |   0.0 |      14 |       0 |   0.0
        D:2 |      50 |      30 |  37.5 |      16 |       1 |   5.9
        D:3 |      39 |       0 |   0.0 |      14 |       0 |   0.0
            +---------+---------+-------+---------+---------+-------
